AoeStats
← Reimke

MegaRandom

505564912Analyzed
2v2 RM · 22d ago on Sep 10, 2026· 46m 59s· 4 players
Game mode
Random Map
Map size
Medium (4 player)
Population
200
Speed
Normal
Resources
Standard
Victory
Conquest
Starting age
Dark Age
Ending age
Imperial Age
RankedLock teamsTeams togetherTeam positionsShared explorationLock speedFull tech treeHidden civsTurbo modeCheats
Victory
Defeat
🇺🇸 Poles · United States
1106
+16
🇺🇸 Portuguese · United States
1101
+17
🇦🇷 Malay · Argentina
1127
-17
🇦🇷 Britons · Argentina
1101
-16
ALE 7 CAL
8:41 Loom
11:28 Feudal Age
15:37 Castle Age
13:54 Double-Bit Axe
14:39 Horse Collar
17:37 Bow Saw
17:00 Crossbowman
17:55 Heavy Plow
18:47 Wheelbarrow
19:20 Fletching
20:13 Town Watch
20:59 Gold Mining
22:53 Bodkin Arrow
23:39 Padded Archer Armor
24:37 Ballistics
25:22 Hand Cart
25:44 Fervor
27:00 Masonry
26:47 Stone Mining
27:33 Gold Shaft Mining
28:00 Leather Archer Armor
32:49 Imperial Age
31:53 Town Patrol
31:36 Treadmill Crane
33:12 Yeomen
33:38 Bracer
34:09 Ring Archer Armor
34:45 Chemistry
34:00 Arbalester
35:37 Conscription
36:14 Hoardings
38:15 Elite Longbowman
41:00 Architecture
40:26 Murder Holes
40:36 Siege Engineers
pabloi.arijon
12:24 Feudal Age
12:57 Man-at-Arms
18:02 Castle Age
16:09 Double-Bit Axe
18:06 Man-at-Arms
19:40 Long Swordsman
24:31 Bow Saw
25:11 Horse Collar
29:21 Wheelbarrow
31:55 Imperial Age
29:21 Stone Mining
29:25 Gold Mining
31:22 Loom
31:50 Forging
32:50 Gold Shaft Mining
32:38 Two-Handed Swordsman
33:57 Town Watch
34:50 Iron Casting
34:06 Fletching
34:17 Padded Archer Armor
35:01 Forced Levy
35:22 Conscription
35:31 Hand Cart
35:20 Town Patrol
36:23 Thumb Ring
35:48 Crossbowman
38:00 Arbalester
39:06 Elite Karambit Warrior
40:55 Bodkin Arrow
41:15 Leather Archer Armor
42:06 Ballistics
42:29 Bracer
44:28 Pikeman
45:16 Squires
Reimke
10:40 Loom
13:50 Feudal Age
18:11 Castle Age
17:52 Fishing Lines
18:03 Fishing Lines
18:22 Double-Bit Axe
20:23 Horse Collar
20:58 Fletching
21:12 Heavy Plow
21:25 Bow Saw
24:16 Wheelbarrow
24:52 Bodkin Arrow
25:05 Scale Barding Armor
25:05 Gillnets
25:50 Scale Mail Armor
25:59 Gold Mining
25:59 Stone Mining
27:25 Hand Cart
26:55 Town Watch
27:39 Bloodlines
27:32 Husbandry
27:57 Light Cavalry
29:24 Chain Mail Armor
29:31 Chain Barding Armor
29:22 Forging
29:55 Squires
29:41 Arson
31:19 Sanctity
31:23 Szlachta Privileges
31:59 Iron Casting
35:43 Imperial Age
32:58 Treadmill Crane
33:29 Masonry
35:49 Cavalier
37:30 Blast Furnace
36:31 Bracer
37:02 Plate Mail Armor
36:59 Conscription
37:24 Hoardings
37:24 Ballistics
38:50 Elite Obuch
40:41 Town Patrol
40:32 Sappers
44:07 Winged Hussar
30FLY | Andrew_Heals
9:05 Loom
11:57 Feudal Age
13:29 Double-Bit Axe
18:01 Castle Age
17:56 Forging
17:30 Fishing Lines
22:11 Horse Collar
23:20 Town Watch
23:52 Stone Mining
23:53 Gold Mining
25:27 Heavy Plow
25:46 Bow Saw
26:34 Wheelbarrow
31:02 Imperial Age
30:25 Stone Shaft Mining
30:51 Gillnets
32:13 Conscription
31:59 Elite Organ Gun
35:17 Chemistry
35:20 Arquebus
35:30 Arquebus
36:03 Fortified Wall
36:05 Masonry
35:51 Murder Holes
36:17 Town Patrol
36:40 Padded Archer Armor
36:30 Fletching
37:05 Elite Skirmisher
37:51 Thumb Ring
38:08 Bodkin Arrow
38:28 Leather Archer Armor
38:41 Ballistics
38:28 Siege Engineers
39:17 Thumb Ring
40:39 Ring Archer Armor
40:10 Bracer
41:03 Husbandry
41:14 Bloodlines
41:57 Scale Barding Armor
42:28 Iron Casting
41:32 Cavalier
43:01 Caravan
43:57 Crop Rotation
44:31 Two-Man Saw
45:01 Blast Furnace
44:22 Chain Barding Armor
46:54 Plate Barding Armor
Connection lost

Rejoining the realm…

Still unreachable

The connection could not be restored.

Session expired

The server has moved on; the page needs a fresh start.